 Dungeon Crawl Stone Soup version 0.21.1-1-g345015f (webtiles) character file.

2 diana the Ducker (level 1, 8/11 HPs)
             Began as a Spriggan Abyssal Knight on June 2, 2018.
             Was a Follower of Lugonu.
             Quit the game on level 1 of the Dungeon.
             The game lasted 00:03:34 (397 turns).

diana the Ducker (Spriggan Abyssal Knight)           Turns: 397, Time: 00:03:35

Health: 8/11       AC:  2    Str:  8    XL:     1   Next: 25%
Magic:  2/3        EV: 18    Int: 13    God:    Lugonu [*.....]
Gold:   41         SH:  0    Dex: 15    Spells: 0/0 levels left

rFire    . . .     SeeInvis +   a - +1 short sword
rCold    . . .     Gourm    .   (shield restricted)
rNeg     . . .     Faith    .   b - +0 robe
rPois    .         Spirit   .   (helmet restricted)
rElec    .         Reflect  .   (no cloak)
rCorr    +         Harm     .   (gloves unavailable)
MR       .....                  (boots unavailable)
Stlth    +.........             (no amulet)
HPRegen  0.03/turn              e - ring of resist corrosion
MPRegen  0.08/turn              (no ring)

@: very quick
A: very small, unfitting armour, see invisible, herbivore, speed 3, slow
metabolism 2
a: Depart the Abyss, Renounce Religion


You were on level 1 of the Dungeon.
You worshipped Lugonu.
Lugonu was aware of your devotion.
You were not hungry.

You visited 1 branch of the dungeon, and saw 1 of its levels.
You visited the Abyss 1 time.

You collected 41 gold pieces.

Inventory:

Hand Weapons
 a - a +1 short sword (weapon)
Armour
 b - a +0 robe (worn)
Jewellery
 e - a ring of resist corrosion (left hand)
Wands
 i - a wand of polymorph (9)
Miscellaneous
 g - a crystal ball of energy
Comestibles
 c - a ration


   Skills:
 + Level 2.4 Fighting
 + Level 2.3 Short Blades
 + Level 3.5 Dodging
 + Level 1.7 Invocations


You couldn't memorise any spells.
You didn't know any spells.

Dungeon Overview and Level Annotations

Branches:
Dungeon (1/15)

Altars:


Innate Abilities, Weirdness & Mutations

You are very small and have problems with some larger weapons.
You are too small for most types of armour.
You have supernaturally acute eyesight. (SInv)
You are a herbivore.
You cover ground extremely quickly.
You need consume almost no food.


Message History

There is a large open door here.
Found a leather armour.
A bat zombie comes into view.
A bat zombie is nearby!
A bat zombie is nearby!
You hit the bat zombie.
The bat zombie is heavily damaged.
The bat zombie closely misses you. x2
The bat zombie hits you but does no damage.
You hit the bat zombie.
You destroy the bat zombie!
Lugonu accepts your kill.
You can now depart the Abyss.
No target in view!
No target in view!
No target in view!
Unknown command.
Welcome back, diana the Spriggan Abyssal Knight.
Lugonu says: Spread carnage and corruption!
Press ? for a list of commands and other information.
Are you sure you want to abandon this character and quit the game? (Confirm with "yes".)

####8####8...<#
+.......'.....#
##8#'#8##8...8#
###'######'###
#♣♣.....♣♣##.#
♣≈.......≈♣#.8
#.........#8.#≈
#...≈♣≈...##.###
+..@♣8♣...++..
#...≈♣≈...##.#
#.........#8.#
♣≈.?.....≈♣
#♣♣...[.♣♣#
###+###


There were no monsters in sight!

Vanquished Creatures
  A bat zombie (D:1)
  A quokka zombie (D:1)
2 creatures vanquished.

Notes
Turn   | Place    | Note
-------+----------+-------------------------------------------
     0 | Abyss:1  | diana the Spriggan Abyssal Knight began the quest for the Orb.
     0 | Abyss:1  | Reached XP level 1. HP: 11/11 MP: 3/3
    55 | Abyss:2  | Noticed a tentacled starspawn
    56 | Abyss:2  | Noticed a worldbinder
    61 | Abyss:2  | Noticed a deep elf mage
    61 | Abyss:2  | Noticed a deep elf mage
    62 | Abyss:2  | Noticed a deep elf archer
    66 | Abyss:2  | Found a corrupted altar of Lugonu.
    70 | Abyss:2  | Noticed a neqoxec
    71 | Abyss:2  | Noticed a hippogriff
    73 | Abyss:2  | Noticed a large abomination
    77 | Abyss:2  | Noticed a large abomination
   126 | Abyss:2  | Noticed a large abomination
   163 | Abyss:2  | Noticed an alligator simulacrum
   185 | Abyss:2  | Noticed a tentacled starspawn
   203 | Abyss:3  | Found a corrupted altar of Lugonu.
   248 | Abyss:3  | Noticed a small abomination
   292 | Abyss:4  | Noticed a starcursed mass
   297 | Abyss:5  | Entered Level 5 of the Abyss
   299 | Abyss:5  | Noticed an unseen horror
   299 | Abyss:5  | Noticed an unseen horror
   329 | Abyss:5  | Noticed a smoke demon
   333 | Abyss:5  | Noticed a ghost moth
   364 | D:1      | Escaped the Abyss
   396 | D:1      | Reached * piety under Lugonu
   397 | D:1      | Quit the game

Action                   || total
-------------------------++-------
Melee: Short sword       ||     7
Invok: Depart the Abyss  ||     1
  Use: Potion            ||     2
       Scroll            ||     1
Armor: Robe              ||     1
Dodge: Dodged            ||     4
